← All builds
Front / Armada / Economy first / OBSERVED BUILD

Standard front

Armada Front build order · Supreme Isthmus

Standard economy-first Front play: Bot Lab and Vehicle Plant up almost immediately, Advanced Metal Extractor around 9 minutes, with Blitz, Rocketeer, Pawn and Janus trickling out to hold and push the middle over the full 15 minutes.

#eco · 1186 distinct matches · 145 players · 75% of Armada Front games · team won 62% of 1353 · Recently observed

HOW TO PLAY IT

Key timing: T2 constructor by 7:43

  1. Open mex and wind, drop Bot Lab and Vehicle Plant almost immediately.
  2. Pump Blitz, Rocketeer and Pawn to the coast to stop leaks first.
  3. Add Centurion and Janus once first units are moving up.
  4. Form units into a line pushing toward middle as numbers grow.
  5. Upgrade to Advanced Metal Extractor as the economy transition kicks in.

Phase by phase

TYPICAL OF ITS 1186 GAMES
  1. 1
  2. 2
  3. 3
PLAY THE OPENING

Follow the example game's first 6:00 step by step: what to build now, what comes next, and where it goes. At 1× it keeps pace with your own game.

  1. 1

    Up to the Bot Lab

    Economy
    • Metal Extractor2Mex
    • Wind Turbine1Wind
    Order
    1. Bot LabBot Lab after 3 mex, 1 winddone ~0:45, middle half 0:35–8:13

    Some games also: Vehicle Plant (41%)

    By 0:28 in all: 2 mex · 1 wind

    The example game in this phase · 2 steps
    1. Mex ×2
    2. Bot LabBot Labdone 0:33 · typical 0:45
  2. 2

    Bot Lab to 5:00

    Economy
    • Metal Extractor4Mex
    • Wind Turbine3Wind
    Army
    • Sentry1 Sentry

    Some games also: rocketeer (46%) · con bot (45%) · Lazarus (44%) · tick (42%) · centurion (37%)

    By 5:00 in all: 6 mex · 7 wind

    The example game in this phase · 32 steps
    1. TickTick ×2
    2. Mex
    3. LazarusLazarus
    4. SentrySentry
    5. Wind
    6. Construction BotCon bot
    7. Mex
    8. CenturionCenturion
    9. Mex
    10. Construction BotCon bot
    11. CenturionCenturion
    12. SentrySentry
    13. RocketeerRocketeer
    14. Mex
    15. Construction BotCon bot
    16. SentrySentry
    17. CenturionCenturion
    18. SentrySentry
    19. TickTick
    20. RocketeerRocketeer
    21. Radar TowerRadar Tower
    22. RocketeerRocketeer ×3
    23. SentrySentry
    24. RocketeerRocketeer
    25. CenturionCenturion
    26. SentrySentry
    27. RocketeerRocketeer
    28. CenturionCenturion
    29. SentrySentry
    30. TickTick
    31. RocketeerRocketeer ×5
    32. CenturionCenturion
  3. 3

    5:00 to 10:00

    Economy
    • Metal Extractor1Mex
    • Wind Turbine14Wind
    Builders
    • Construction Turret2 Con turret
    Army
    • Sentry1 Sentry

    Some games also: energy storage (46%) · rocketeer (40%) · blitz (38%) · pawn (36%) · Lazarus (35%)

    By 10:00 in all: 7 mex · 25 wind · 1 energy storage · 3 con turret

    The example game in this phase · 62 steps
    1. CenturionCenturion ×2
    2. TickTick
    3. Construction BotCon bot
    4. SentrySentry
    5. RocketeerRocketeer
    6. SentrySentry
    7. RocketeerRocketeer ×4
    8. CenturionCenturion
    9. SentrySentry ×5
    10. CenturionCenturion ×2
    11. SentrySentry ×2
    12. CenturionCenturion
    13. Wind
    14. Dragon's TeethDragon's Teeth ×3
    15. CenturionCenturion
    16. Dragon's TeethDragon's Teeth
    17. Wind
    18. Dragon's TeethDragon's Teeth ×2
    19. Mex
    20. SentrySentry
    21. TickTick
    22. Wind
    23. TickTick
    24. Advanced Metal ExtractorT2 mexdone 10:32 · typical 8:53
    25. TickTick ×3
    26. CenturionCenturion
    27. Radar TowerRadar Tower
    28. Wind
    29. SentrySentry
    30. CenturionCenturion
    31. Wind
    32. SentrySentry
    33. CenturionCenturion
    34. Radar TowerRadar Tower
    35. Wind ×2
    36. CenturionCenturion
    37. Twilight
    38. CenturionCenturion
    39. Wind
    40. BeamerBeamer
    41. TickTick ×5
    42. Wind
    43. TickTick ×6
    44. Wind
    45. RattlesnakeRattlesnakenot finished by 15:00
    46. TickTick ×5
    47. Wind
    48. TickTick
    49. Twilight
    50. TickTick ×2
    51. Wind
    52. TickTick ×3
    53. Dragon's TeethDragon's Teeth
    54. TickTick ×2
    55. Wind
    56. TickTick ×9
    57. Wind
    58. TickTick ×6
    59. Wind
    60. TickTick
    61. CenturionCenturion
    62. Wind

Counts are medians over the build's games: half of them build more, half fewer. The example game is GrandDuke's (37 OS, 11/10/2026); pick another.

Team trades

IN AT LEAST 30% OF ITS GAMES

You hand over

Nothing regular.

You get

  • Tidal Generator4 Tidal from Pondfirst at 0:18 · in 68% of games
  • Advanced Construction Bot1 T2 con bot from Geo or Techfirst at 7:17 · in 67% of games

How it plays out

Typical game of this build, running totals by minute

Metal produced

010k20k30k
0:005:0010:0015:00

metal

Enemy metal destroyed

05k10k
0:005:0010:0015:00

metal

Own metal lost

05k10k
0:005:0010:0015:00

metal

1353 games.

Show as table
ByMetal produced: This buildEnemy metal destroyed: This buildOwn metal lost: This build
1:0033300
2:008442131
3:001621143105
4:002709545333
5:0038551200813
6:00506020801512
7:00629929412450
8:00762437803332
9:00906046094251
10:001066152434952
11:001259157465677
12:001477463056491
13:001737669067192
14:002008975638079
15:002265682958940
WHAT THE NUMBERS SAY

Standard Front play wins more often than Suicide front and produces more metal by 15:00 while losing less of it.

  • + Metal produced reaches 22627 by 15:00, well above Suicide front's 20142.
  • + Own metal lost is 8944 by 15:00, lower than enemy metal destroyed ratio of Suicide front.
  • − First unit lost already at 1:43, showing exposure despite the safer position.
  • − Blitz dominates army share at 25%, leaving fewer Centurion for anti-swarm.
THE EXAMPLE YOU ARE READING

GrandDuke

36.5 OS · 11/10/2026

Open source match ↗

6 received units · includes a constructor
366 metal received · 5095 energy received

Allied construction assistance is unknown. Timings are observations, not a promise of solo reproducibility.

Typical milestones

Bot Lab0:45Middle 50%: 0:35–8:13 · n=857
Vehicle Plant0:47Middle 50%: 0:40–0:58 · n=946
Advanced Metal Extractor8:53Middle 50%: 8:02–10:00 · n=1079

Played most by

Hummell107games of this buildhaaven104games of this buildLeohvm89games of this buildXad68games of this buildDRM47games of this build